 Dungeon Crawl Stone Soup version 0.31-a0-924-ge39a22a033 (webtiles) character file.

Game seed: 6642122119900438994

119 Gladio the Cutter (level 4, -2/34 HPs)
             Began as a Vampire Gladiator on Oct 18, 2023.
             Killed by divine providence
             ... invoked by an orc priest
              (11 damage)
             ... on level 3 of the Dungeon.
             The game lasted 00:02:19 (1407 turns).

Gladio the Cutter (Vampire Gladiator)               Turns: 1407, Time: 00:02:19

Health: -2/34      AC:  4    Str: 13    XL:     4   Next: 74%
Magic:  4/4        EV: 13    Int: 10    God:
Gold:   113        SH:  0    Dex: 17    Spells: 3/3 levels left

rFire   . . .        a - +0 rapier
rCold   . . .        (no shield)
rNeg    . . .        b - +0 leather armour
rPois   .            c - +0 helmet
rElec   .            (no cloak)
rCorr   .            (no gloves)
SInv    +            (no boots)
Will    .....        (no amulet)
Stlth   +            (no ring)
HPRegen 0.45/turn    (no ring)
MPRegen 0.09/turn

%: no passive effects
@: healing quickly
A: alive, fangs 3, see invisible, vampiric 2
a: Exsanguinate


You were on level 3 of the Dungeon.
You visited 1 branch of the dungeon, and saw 3 of its levels.

You collected 113 gold pieces.

Inventory:

Hand Weapons
 a - a +0 rapier (weapon)
Missiles
 d - 2 throwing nets (quivered)
 e - a javelin
 s - 3 poisoned darts
Armour
 b - a +0 leather armour (worn)
 c - a +0 helmet (worn)
Jewellery
 j - a ring of protection from cold
 k - a ring of positive energy
 q - a ring of resist corrosion
Scrolls
 g - a scroll of teleportation {unknown}
 h - a scroll of poison {unknown}
 n - a scroll of revelation {unknown}
 o - a scroll of enchant armour {unknown}
 p - 2 scrolls of identify {unknown}
 r - a scroll of vulnerability {unknown}
Potions
 f - 3 potions of curing {unknown}
 i - a potion of ambrosia {unknown}
 l - a potion of lignification {unknown}
 m - a potion of invisibility {unknown}
 t - a potion of heal wounds {unknown}
 u - a potion of cancellation {unknown}
 v - a potion of might {unknown}


   Skills:
 + Level 2.7 Fighting
 * Level 4.9 Short Blades
 - Level 1.5 Throwing
 + Level 4.1 Dodging


You had 3 spell levels left.
You didn't know any spells.
Your spell library contained the following spells:

 Spells                   Type           Power      Damage    Failure   Level
 Tukima's Dance           Hex            0%         N/A       82%         3
 Dimensional Bullseye     Hex/Tloc       0%         N/A       99%         4
 Iskenderun's Mystic Bla  Conj/Tloc      0%         2d3       99%         4


Dungeon Overview and Level Annotations

Branches:
Dungeon (3/15)

Altars:

Shops:
D:2 =


Innate Abilities, Weirdness & Mutations

Your natural rate of healing is accelerated.
You have razor-sharp teeth.
You have supernaturally acute eyesight. (SInv)
You are afflicted with vampirism and can become a bat while bloodless.


Message History

You hit the hobgoblin but do no damage. Your bite misses the hobgoblin.
The hobgoblin misses you.
You barely miss the hobgoblin. The hobgoblin closely misses you.
You hit the hobgoblin but do no damage.
The hobgoblin hits you but does no damage.
You hit the hobgoblin.
The hobgoblin is moderately wounded.
The hobgoblin hits you.
You puncture the hobgoblin!
You kill the hobgoblin!
No target in view!
No target in view!
No target in view!
No target in view!
No target in view!
No target in view!
No target in view!
No target in view!
HP restored.
Key pressed, stopping explore.
An orc priest comes into view. It is wielding a +0 war axe.
An orc priest is nearby!
An orc wizard comes into view. It is wielding a +0 dagger.
Found 14 gold pieces.
An orc comes into view. It is wielding a +0 hand axe.
The orc priest mumbles some strange prayers to Beogh against you.
Beogh smites you!
You enter the shallow water.
Moving in this stuff is going to be slow.
An orc priest is nearby!
The orc wizard shouts!
You enter the shallow water.
Moving in this stuff is going to be slow.
The orc priest mumbles some strange prayers to Beogh against you.
Beogh smites you!
Ouch! That really hurt!
* * * LOW HITPOINT WARNING * * *
The orc priest calls down the wrath of Beogh upon you.
Beogh smites you!
You die...

#.....# #.....# #.....# #†....#
### ### #....♣♣♣♣♣♣♣♣.. .... .#
#####...~♣PP~P~~~♣ .... .#
#...'..~~~~P~~P~P♣♣ .... .#
#####[...~~.~~~~P~♣♣♣....
.####### #...@....~...~PPP....
.......######....................
...........†~♣~~~..~..~o~~.......
.#####.###P)~~P~~~~~~~~o~~~......
.####.♣.#~~~~~~~~~P~~~~~~~~......
...##P~~.#♣~~P~≈≈≈≈~~~~~P~#......
.####~~~.##~~~~~~≈≈≈≈~~~♣##......
.....~~~.####♣♣~~~≈P~~~~P #......
..##.♣~...... ...~~P~~~~♣##..^...


You could see an orc priest and an orc wizard.

Vanquished Creatures
  A scorpion (D:3)
  A worm (D:2)
  A dart slug (D:1)
  4 endoplasms
  2 giant cockroaches (D:1)
  2 goblins
  6 hobgoblins
  10 jackals
  A quokka (D:1)
  4 ball pythons
  2 bats (D:1)
  2 frilled lizards
  6 kobolds
  8 rats
50 creatures vanquished.

Notes
Turn   | Place    | Note
-------+----------+-------------------------------------------
     0 | D:1      | Gladio the Vampire Gladiator began the quest for the Orb.
     0 | D:1      | Reached XP level 1. HP: 16/16 MP: 1/1
   250 | D:1      | Reached XP level 2. HP: 19/22 MP: 2/2
   542 | D:1      | Gained mutation: You are afflicted with vampirism and can
                  | become a bat while bloodless. [Vampire growth]
   542 | D:1      | Reached XP level 3. HP: 23/27 MP: 3/3
  1262 | D:2      | Found Xoxesyc's Jewellery Emporium.
  1343 | D:3      | Noticed a scorpion
  1352 | D:3      | Killed a scorpion
  1353 | D:3      | Reached XP level 4. HP: 34/34 MP: 4/4
  1407 | D:3      | Killed from afar by an orc priest

Illustrated notes

Levels and vault maps discovered:
D:1:      saegor_arrival_simple_a, layout_basic, kennysheep_another_room
D:2:      wander_river, layout_rooms, serial_shops, nicolae_shop_hallway_stairs
D:3:      layout_basic, serial_bayou, serial_bayou_crossing,
          serial_bayou_pond_e, serial_bayou_pond_e, serial_bayou_pond_b,
          serial_bayou_ford_a, serial_bayou_shore_b

Skill      XL: |  1  2  3 |
---------------+----------+-----
Fighting       | 2 |  2.7
Short Blades   | 4 |  4.9
Dodging        | 4 |  4.1
Throwing       | |  1.5

Action                     |  1- 3 |  4- 6 || total
---------------------------+-------+-------++-------
  Melee: Rapier            |   145 |    10 ||   155
         Bite              |    11 |       ||    11
  Throw: Throwing net      |     1 |       ||     1
   Stab: Held in net/web   |     2 |       ||     2
         Sleeping          |     1 |       ||     1
 Armour: Leather armour    |    75 |     4 ||    79
  Dodge: Dodged            |    88 |     4 ||    92

Table legend: (Time is in decaauts)
 A = Elapsed time spent in this place.
 B = Non-inter-level travel time spent in this place.
 C = Inter-level travel time spent in this place.
 D = Time resting spent in this place.
 E = Time spent auto-exploring this place.
 F = Levels seen in this place.
 G = Mean time per level.
                   A        B        C        D        E       F      G
               +--------+--------+--------+--------+--------+-----+--------+
         Total |   1439 |   1371 |     68 |      0 |   1061 |   3 |  479.7 |
       Dungeon |   1439 |   1371 |     68 |      0 |   1061 |   3 |  479.7 |
               +--------+--------+--------+--------+--------+-----+--------+

Top non-repeatable levels by time:
     D:1: 754 daAuts
     D:2: 593 daAuts
     D:3: 92 daAuts
